AoeStats
← Jackallie

Arabia

509064238Analyzed
2v2 RM · 8d ago on Sep 25, 2026· 25m 43s· 4 players
Game mode
Random Map
Map size
Medium (4 player)
Population
200
Speed
Normal
Resources
Standard
Victory
Conquest
Starting age
Dark Age
Ending age
Imperial Age
RankedLock teamsTeams togetherTeam positionsShared explorationLock speedFull tech treeHidden civsTurbo modeCheats
Victory
Defeat
🇨🇿 Mongols · Czechia
1173
+15
🇹🇷 Inca · Türkiye
1119
+17
🇦🇺 Lithuanians · Australia
1155
-16
🇦🇺 Vietnamese · Australia
1152
-16
.BTB kral
0:28 Loom
10:27 Feudal Age
11:45 Champi Runner
15:46 Double-Bit Axe
25:26 Castle Age
24:36 Gold Mining
NeoPlex_cz
5:57 Loom
8:34 Feudal Age
9:08 Double-Bit Axe
19:50 Castle Age
18:48 Fletching
19:13 Horse Collar
19:24 Gold Mining
19:58 Bloodlines
20:26 Bodkin Arrow
21:47 Wheelbarrow
22:28 Padded Archer Armor
25:23 Bow Saw
Jackallie
7:29 Loom
10:42 Feudal Age
14:31 Wheelbarrow
21:09 Double-Bit Axe
InformedStorm71
6:52 Loom
9:29 Feudal Age
10:14 Double-Bit Axe
11:08 Fletching
11:12 Horse Collar
20:32 Wheelbarrow
25:14 Castle Age
24:18 Scale Barding Armor
24:24 Forging
24:26 Gold Mining
24:27 Stone Mining
25:10 Bloodlines
25:15 Crossbowman
25:54 Bodkin Arrow
Connection lost

Rejoining the realm…

Still unreachable

The connection could not be restored.

Session expired

The server has moved on; the page needs a fresh start.